Map: 승천의 사슬

Players

테라진

  • Race: Protoss Protoss
  • Spawn Location: 11:00

JamesRaynor

  • Race: Protoss Protoss
  • Spawn Location: 11:00

VOD

Have the link to the VOD?

Description

Time

  • Played on: Aug. 22, 2017, 4:45 a.m.
  • Length: 21:23
Show
View Real Time Build Order
Export as new Build Order

테라진 Protoss 

Build Orders:  

Get SALT Encoding   

  12  0:02  Probe (Chrono Boost)  
  13  0:16  Probe (Chrono Boost)  
  14  0:31  Probe (Chrono Boost)  
  14  0:32  Pylon  
  15  0:57  Probe (Chrono Boost)  
  16  1:10  Probe (Chrono Boost)  
  17  1:24  Probe (Chrono Boost)  
  18  1:33  Pylon  
  18  1:38  Assimilator  
  18  1:53  Nexus  
  18  2:08  Probe (Chrono Boost)  
  19  2:13  Assimilator  
  19  2:15  Assimilator  
  19  2:21  Probe (Chrono Boost)  
  19  2:26  Pylon  
  20  2:35  Probe (Chrono Boost)  
  21  2:41  Gateway  
  21  2:52  Probe (Chrono Boost)  
  22  3:06  Probe (Chrono Boost)  
  22  3:09  Pylon  
  23  3:20  Probe (Chrono Boost)  
  24  3:34  Probe (Chrono Boost)  
  25  3:47  Cybernetics Core  
  25  3:48  Probe (Chrono Boost)  
  26  3:52  Probe (Chrono Boost)  
  27  4:02  Probe (Chrono Boost)  
  27  4:03  Assimilator  
  27  4:06  Probe (Chrono Boost)  
  29  4:26  Probe (Chrono Boost)  
  30  4:39  Probe (Chrono Boost)  
  31  4:50  Probe (Chrono Boost)  
  31  4:54  Warp Gate  
  31  4:55  Death Council  
  32  5:04  Probe (Chrono Boost)  
  33  5:18  Probe (Chrono Boost)  
  34  5:32  Probe (Chrono Boost)  
  34  5:36  Probe (Chrono Boost)  
  36  5:46  Pylon  
  36  5:48  Pylon  
  36  5:49  Ascendant Archives  
  36  5:50  Probe (Chrono Boost)  
  36  5:51  Gateway  
  36  5:52  Probe (Chrono Boost)  
  38  6:04  Probe (Chrono Boost)  
  38  6:06  Probe (Chrono Boost)  
  40  6:18  Probe (Chrono Boost)  
  41  6:20  Probe (Chrono Boost)  
  41  6:21  Pylon  
  41  6:25  Pylon  
  42  6:32  Probe (Chrono Boost)  
  42  6:34  Probe (Chrono Boost)  
  44  6:42  Power Overwhelming (Chrono Boost)  
  44  6:43  Forge  
  44  6:44  Probe (Chrono Boost)  
  44  6:48  Probe  
  46  6:57  Probe  
  47  7:11  Probe  
  48  7:30  Mind Blast (Chrono Boost)  
  48  7:38  Pylon  
  48  7:44  Gateway  
  48  7:45  Imposing Presence (Chrono Boost)  
  48  7:47  Gateway  
  48  7:48  Gateway  
  48  7:49  Gateway  
  48  7:51  Gateway  
  48  7:52  Gateway  
  48  7:53  Pylon  
  48  7:57  Pylon  
  48  8:02  Pylon  
  48  8:13  Chaotic Attunement  
  48  8:35  Pylon  
  48  8:55  Pylon  
  48  9:07  Ascendant x2  
  52  9:15  Ascendant x3  
  58  9:21  Supplicant x6  
  60  9:46  Ascendant x2  
  60  9:48  Supplicant x2  
  68  9:51  Havoc  
  68  9:55  Supplicant x2  
  69  10:04  Supplicant x4  
  75  10:25  Mothership  
  69  10:34  Ascendant x3  
  69  10:37  Supplicant x6  
  81  10:52  Supplicant x4  
  79  11:18  Havoc  
  79  11:19  Havoc  
  81  11:21  Ascendant x2  
  81  11:24  Ascendant x3  
  81  11:28  Supplicant x2  
  87  11:48  Cloaking Module  
  87  11:54  Ascendant  
  87  11:56  Havoc  
  87  11:58  Supplicant x2  
  94  12:02  Supplicant x2  
  94  12:07  Supplicant x2  
  94  12:08  Supplicant x2  
  94  12:09  Supplicant x4  
  84  13:05  Ascendant x3  
  84  13:07  Supplicant x2  
  84  13:08  Supplicant x4  
  102  13:21  Ascendant  
  102  13:23  Supplicant x2  
  102  13:29  Supplicant x2  
  102  13:30  Supplicant x4  
  116  13:35  Detect Weakness  
  118  13:41  Blood Shields  
  112  13:54  Supplicant x6  
  112  13:55  Supplicant x6  
  112  13:57  Supplicant x2  
  120  14:34  Supplicant x2  
  120  14:35  Supplicant x8  
  120  14:36  Supplicant x2  
  136  14:40  Pylon  
  116  15:12  Pylon  
  116  15:19  Supplicant x10  
  124  15:20  Supplicant x2  
  128  15:31  Mothership  
  118  15:56  Supplicant x2  
  118  15:57  Supplicant x6  
  134  16:01  Pylon  
  110  16:38  Supplicant x6  
  110  16:39  Supplicant x4  
  124  16:45  Pylon  
  120  16:56  Supplicant x2  
  120  16:57  Supplicant x2  
  128  17:03  Soul Augmentation  
  126  17:13  Bloodshard Resonance  
  91  18:23  Supplicant x2  
  91  18:24  Supplicant x8  
  103  18:40  Supplicant x6  
  101  19:06  Supplicant x4  
  101  19:07  Supplicant x8  
  101  19:08  Supplicant x2  
  101  19:09  Supplicant x2  
  125  19:27  Probe  
  90  20:30  Supplicant x8, Pylon  
  90  20:31  Supplicant x8  
Show
View Real Time Build Order
Export as new Build Order

JamesRaynor Protoss 

Build Orders:  

Get SALT Encoding   

  12  0:07  Probe (Chrono Boost)  
  13  0:21  Probe (Chrono Boost)  
  14  0:35  Probe (Chrono Boost)  
Tags
 
Add a new tag
Caveats
  • Supply blocks, unpowered buildings, or Contaminate may cause inaccurate times.
  • Supply counts are checked every 10 seconds.